 Dungeon Crawl Stone Soup version 0.27.1-34-g3ba077fa99 (webtiles) character file.

Game seed: 6849190596069503004

235 cbfl8 the Sneak (level 5, -6/47 HPs)
             Began as a Minotaur Delver on Jan 24, 2022.
             Mangled by an ogre (20 damage)
             ... on level 5 of the Dungeon.
             The game lasted 00:00:38 (729 turns).

cbfl8 the Sneak (Minotaur Delver)                    Turns: 729, Time: 00:00:38

Health: -6/47      AC:  3    Str: 17    XL:     5   Next: 76%
Magic:  4/4        EV: 12    Int:  8    God:
Gold:   21         SH:  0    Dex: 11    Spells: 4/4 levels left

rFire    . . .     SeeInvis .   a - +0 hand axe
rCold    . . .     Faith    .   (no shield)
rNeg     . . .     Spirit   .   b - +0 leather armour
rPois    .         Reflect  .   (helmet restricted)
rElec    .         Harm     .   (no cloak)
rCorr    .         Rampage  .   (no gloves)
Will     .....                  (no boots)
Stlth    +++.......             (no amulet)
HPRegen  0.15/turn              (no ring)
MPRegen  0.09/turn              (no ring)

@: no status effects
A: horns 2, retaliatory headbutt
a: no special abilities


You were on level 5 of the Dungeon.
You visited 1 branch of the dungeon, and saw 1 of its levels.

You collected 21 gold pieces.

Inventory:

Hand Weapons
 a - a +0 hand axe (weapon)
Armour
 b - a +0 leather armour (worn)
Wands
 g - a wand of digging (3)
 h - a wand of flame (22)
Scrolls
 c - a scroll of fog
 d - a scroll of magic mapping
 e - a scroll of fear
 i - a scroll of teleportation {unknown}
Potions
 f - a potion of haste


   Skills:
 + Level 4.6 Fighting
 + Level 3.7 Axes
 + Level 1.6 Armour
 + Level 2.6 Dodging
 + Level 5.6 Stealth


You had 4 spell levels left.
You didn't know any spells.
Your spell library was empty.

Dungeon Overview and Level Annotations

Branches:
Dungeon (5/15)
 Temple: D:4-7

Altars:


Innate Abilities, Weirdness & Mutations

You have a pair of horns on your head.
You reflexively headbutt those who attack you in melee.


Message History

The phantom hits you but does no damage.
You barely miss the phantom.
The phantom is heavily damaged.
The phantom hits you but does no damage.
You closely miss the phantom.
The phantom is heavily damaged.
The phantom hits you.
The phantom blinks!
You blink.
An ogre and a skeleton come into view.
Found a scroll labelled FUSCHI ERUUTAI.
You closely miss the phantom.
You headbutt the phantom, but do no damage.
The phantom is heavily damaged.
The phantom hits you but does no damage.
You hit the phantom.
The phantom is severely damaged.
The phantom hits you.
The phantom hits you but does no damage.
You hit the phantom but do no damage.
The phantom is severely damaged.
The phantom barely misses you.
You miss the phantom.
The phantom is severely damaged.
The ogre shouts!
The phantom hits you.
An ufetubus comes into view.
You barely miss the phantom.
The phantom is severely damaged.
The ufetubus shouts!
You hear a shout!
The phantom hits you.
The phantom blinks!
You blink.
The ufetubus moves out of view.
You hear a shout!
You hit the ogre.
The ogre is lightly wounded.
You hit the phantom. The phantom hits you. The ogre barely misses you.
You hit the ogre but do no damage.
The ogre is lightly wounded.
You hit the ogre. You closely miss the phantom. The phantom hits you.
* * * LOW HITPOINT WARNING * * *
The ogre hits you with a +0 giant club!!
You die...

##### .....#
......## ...O.#
.5..##
#.######...#
##.8O@8.##.§##
#...OW....#..#
##..######..##.#
#..##.≈≈.##..#..#
##.##≈..[.≈##.##.#
#$.#..#⌠.#..#..#.#
#..#.)#>.#..#..#?#
#^##§....≈#..## #
#..##....##..#


You could see a phantom and 2 ogres.

Vanquished Creatures
  A sky beast (D:5)
  A necrophage (D:5)
  A hound (D:5)
  A bullfrog skeleton (D:5)
  An orc (D:5)
5 creatures vanquished.

Notes
Turn   | Place    | Note
-------+----------+-------------------------------------------
     0 | D:5      | cbfl8 the Minotaur Delver began the quest for the Orb.
     0 | D:5      | Reached XP level 1. HP: 19/19 MP: 0/0
    16 | D:5      | Reached XP level 2. HP: 2/27 MP: 1/1
   289 | D:5      | Noticed a sky beast
   291 | D:5      | Reached XP level 3. HP: 27/33 MP: 2/2
   293 | D:5      | Noticed a necrophage
   299 | D:5      | Killed a sky beast
   300 | D:5      | Reached skill level 1 in Armour
   300 | D:5      | Reached skill level 5 in Stealth
   300 | D:5      | Reached XP level 4. HP: 28/41 MP: 3/3
   300 | D:5      | Reached XP level 5. HP: 32/47 MP: 4/4
   307 | D:5      | Killed a necrophage
   711 | D:5      | Noticed a phantom
   713 | D:5      | Noticed an ogre
   713 | D:5      | Noticed an ogre
   722 | D:5      | Noticed an ogre
   729 | D:5      | Mangled by an ogre

Illustrated notes

Levels and vault maps discovered:
D:5:      layout_cave_pools, nicolae_hepliaklqana_hazy_memory,
          minmay_misc_feat_diagonals, nzn_random_ring, uniq_menkaure,
          uniq_prince_ribbit1

Skill      XL: |  1  2  3 |
---------------+----------+-----
Fighting       | 4 |  4.6
Axes           | 3 |  3.7
Armour         | 1 |  1.6
Stealth        | 5 |  5.6
Dodging        | |  2.6

Action                   |  1- 3 |  4- 6 || total
-------------------------+-------+-------++-------
Melee: Hand axe          |    14 |    20 ||    34
       Headbutt          |     1 |     4 ||     5
Armor: Leather armour    |     2 |     4 ||     6
Dodge: Dodged            |    14 |     4 ||    18
